Map: Traitor's Exile

Players

Koelsch

  • Race: Terran Terran
  • Spawn Location: 9:00

Arthur

  • Race: Zerg Zerg
  • Spawn Location: 12:00

LOADBLASTER - Winner!

  • Race: Terran Terran
  • League: Grandmaster
  • Spawn Location: 6:00

PureLegacy - Winner!

  • Race: Terran Terran
  • Spawn Location: 5:00

VOD

Have the link to the VOD?

Description

Time

  • Played on: Nov. 30, 2018, 3:58 p.m.
  • Length: 4:18
Show
View Real Time Build Order
Export as new Build Order

Koelsch Terran 

Build Orders:  

Get SALT Encoding   

  12  0:00  SCV  
  13  0:12  SCV  
  14  0:18  Supply Depot  
  14  0:25  SCV  
  15  0:40  SCV  
  15  0:41  Barracks  
  16  0:46  Refinery  
  16  0:52  SCV  
  17  1:02  Barracks  
  17  1:04  SCV  
  18  1:16  SCV  
  19  1:29  Reaper, Orbital Command  
  20  1:37  Barracks  
  20  1:44  Refinery  
  20  1:48  Reaper  
  21  1:56  Supply Depot  
  21  2:00  SCV  
  22  2:06  Reaper  
  23  2:18  SCV  
  23  2:20  Supply Depot, Reaper  
  25  2:28  Reaper  
  26  2:31  SCV  
  27  2:39  Reaper  
  27  2:43  SCV  
  29  2:53  Reaper  
  30  3:00  Reaper  
  30  3:03  Command Center  
  31  3:11  Reaper  
  32  3:22  SCV  
  32  3:23  Barracks  
  32  3:25  Reaper  
  34  3:32  Reaper  
  35  3:35  Barracks  
  35  3:40  Command Center  
  35  3:41  Engineering Bay  
  35  3:42  SCV  
  33  3:58  SCV  
  32  4:04  Barracks Reactor  
  34  4:13  Missile Turret  
Show
View Real Time Build Order
Export as new Build Order

Arthur Zerg 

Build Orders: Pool Only, Ravager All-In 

Get SALT Encoding   

  12  0:00  Drone  
  13  0:08  Drone  
  14  0:27  Spawning Pool  
  13  0:30  Drone  
  13  0:33  Extractor  
  14  0:35  Drone  
  14  0:45  Overlord  
  14  0:52  Drone, Extractor  
  15  1:14  Roach Warren  
  15  1:15  Zergling x2  
  16  1:18  Drone  
  16  1:19  Extractor  
  16  1:20  Drone  
  16  1:30  Overlord  
  16  1:54  Roach x2  
  20  2:02  Roach  
  22  2:12  Roach  
  22  2:14  Ravager x2  
  26  2:21  Roach  
  28  2:26  Ravager  
  28  2:33  Overlord  
  28  2:41  Ravager  
  29  3:02  Roach x2  
  33  3:22  Overlord  
  33  3:35  Ravager  
  33  3:38  Ravager x2  
  38  3:55  Spore Crawler, Drone  
  38  3:56  Drone  
Show
View Real Time Build Order
Export as new Build Order

LOADBLASTER Terran - Winner!

Build Orders: 1/1/1 

Get SALT Encoding   

  12  0:01  SCV  
  13  0:13  SCV  
  14  0:18  Supply Depot  
  14  0:25  SCV  
  15  0:30  Refinery  
  15  0:40  SCV  
  16  0:46  Barracks  
  16  0:52  SCV  
  17  0:59  Refinery  
  17  1:04  SCV  
  18  1:16  SCV  
  19  1:35  Orbital Command  
  20  1:42  Factory  
  20  1:46  Barracks Tech Lab  
  19  1:59  Supply Depot  
  19  2:05  Marauder, Concussive Shells  
  19  2:07  SCV  
  21  2:26  Marauder  
  21  2:27  Starport  
  23  2:30  Factory Tech Lab  
  24  2:43  Bunker  
  24  2:48  Marauder  
  25  2:52  SCV  
  26  3:08  Supply Depot  
  26  3:10  Banshee  
  26  3:12  Marauder  
  30  3:30  Supply Depot  
  30  3:33  SCV  
  31  3:52  Hellion, SCV, Barracks Reactor  
  34  4:04  SCV  
  35  4:13  Command Center  
Show
View Real Time Build Order
Export as new Build Order

PureLegacy Terran - Winner!

Build Orders:  

Get SALT Encoding   

  12  0:01  SCV  
  13  0:13  SCV  
  14  0:18  Supply Depot  
  14  0:28  SCV  
  15  0:31  Refinery  
  15  0:40  SCV  
  16  0:46  Barracks  
  16  0:52  SCV  
  17  1:07  Barracks  
  17  1:19  Barracks  
  17  1:21  SCV  
  18  1:34  Reaper  
  18  1:39  Orbital Command  
  19  1:47  Refinery  
  20  1:54  Reaper  
  20  1:59  Supply Depot  
  20  2:06  Reaper  
  21  2:09  Reaper  
  22  2:17  Bunker  
  22  2:31  Reaper  
  22  2:36  Barracks  
  23  2:40  Reaper  
  23  2:43  Reaper  
  25  2:53  Barracks  
  24  3:03  Reaper  
  24  3:04  SCV  
  26  3:11  Supply Depot  
  26  3:14  Reaper  
  26  3:19  Reaper  
  28  3:26  Reaper  
  28  3:35  Reaper  
  27  4:08  Supply Depot  
Tags
 
Add a new tag
Caveats
  • Supply blocks, unpowered buildings, or Contaminate may cause inaccurate times.
  • Supply counts are checked every 10 seconds.